Map: [ESL] Cosmic Sapphire

Players

YoungYakov

  • Race: Zerg Zerg
  • Spawn Location: 11:00

HateMe - Winner!

  • Race: Zerg Zerg
  • Spawn Location: 5:00

Event: DreamHack SC2 Masters 2022 Atlanta (Online)

VOD

Have the link to the VOD?

Description

Time

  • Played on: Oct. 5, 2022, 10:32 a.m.
  • Length: 10:01

All games in this series

Show
View Real Time Build Order
Export as new Build Order

YoungYakov Zerg 

Build Orders: Hatch First, Roach Hydra 

Get SALT Encoding   

  12  0:00  Drone  
  13  0:12  Overlord  
  13  0:18  Drone  
  14  0:30  Drone x2  
  16  0:48  Hatchery  
  15  0:52  Drone  
  15  0:55  Drone  
  17  0:58  Drone  
  18  1:09  Extractor  
  17  1:14  Spawning Pool  
  17  1:16  Drone  
  17  1:19  Drone  
  18  1:28  Drone  
  19  1:39  Drone  
  20  1:49  Drone  
  21  1:59  Overlord  
  21  2:00  Queen  
  21  2:01  Queen  
  25  2:02  Zergling x2  
  26  2:11  Drone  
  26  2:12  Metabolic Boost  
  26  2:13  Drone  
  28  2:23  Drone x2  
  30  2:33  Drone  
  30  2:35  Hatchery  
  30  2:38  Drone  
  32  2:44  Drone x2  
  33  2:54  Overlord  
  33  2:55  Drone  
  33  2:59  Evolution Chamber  
  33  3:04  Drone  
  33  3:10  Zergling x6  
  33  3:12  Zergling x8  
  40  3:19  Overlord  
  40  3:21  Drone  
  40  3:25  Zerg Missile Weapons Level 1  
  41  3:29  Drone  
  41  3:32  Drone  
  43  3:35  Roach Warren  
  43  3:40  Drone x2  
  44  3:42  Drone x4  
  48  3:53  Drone x3  
  49  3:56  Extractor  
  49  3:59  Queen  
  49  4:00  Extractor  
  49  4:01  Drone  
  50  4:05  Drone x3  
  50  4:12  Lair  
  50  4:13  Overlord  
  50  4:14  Drone  
  51  4:21  Roach x3  
  57  4:29  Overlord x2  
  57  4:33  Roach x2  
  61  4:41  Roach  
  61  4:42  Overlord  
  61  4:44  Drone x3  
  66  4:47  Overlord  
  65  4:55  Extractor  
  65  4:56  Drone x3  
  65  4:57  Drone x4  
  72  5:00  Roach  
  72  5:04  Roach  
  72  5:07  Spine Crawler  
  73  5:11  Roach x3  
  73  5:13  Roach  
  81  5:17  Glial Reconstitution  
  82  5:28  Overseer  
  82  5:30  Drone, Extractor  
  82  5:31  Drone x2  
  84  5:36  Roach x5  
  94  5:43  Overlord x2  
  94  5:46  Zerg Missile Weapons Level 2  
  94  5:50  Drone  
  94  5:51  Drone x3  
  98  5:59  Overlord  
  98  6:00  Overlord x2  
  98  6:02  Hydralisk Den  
  97  6:09  Drone x4  
  101  6:20  Drone x2, Extractor  
  101  6:21  Drone x2  
  104  6:29  Overlord  
  104  6:31  Hydralisk x5  
  114  6:34  Muscular Augments  
  114  6:35  Hatchery  
  113  6:48  Drone  
  113  6:49  Spore Crawler  
  113  6:51  Spore Crawler x3, Hydralisk x3  
  116  6:58  Pneumatized Carapace  
  116  7:05  Overlord  
  116  7:09  Roach  
  116  7:10  Roach x5  
  130  7:15  Roach  
  130  7:20  Overlord x4  
  130  7:31  Drone x2  
  130  7:32  Overlord x2  
  130  7:37  Overlord  
  130  7:38  Roach x4  
  130  7:43  Roach x4  
  146  7:47  Grooved Spines  
  146  7:49  Roach x2  
  146  7:50  Roach  
  152  7:54  Overseer  
  152  8:01  Roach x5  
  152  8:04  Drone  
  163  8:12  Drone  
  164  8:14  Drone x2  
  164  8:19  Roach x5  
  176  8:24  Overlord x3  
  176  8:30  Infestation Pit  
  175  8:38  Hatchery  
  174  8:41  Overlord  
  174  8:43  Drone  
  175  8:54  Roach x8  
  187  9:01  Hydralisk x5  
  193  9:06  Roach x3  
  176  9:11  Ravager x6  
  180  9:24  Roach x7  
  160  9:27  Roach  
  123  9:33  Roach x2  
  123  9:35  Roach  
  110  9:40  Roach x2  
Show
View Real Time Build Order
Export as new Build Order

HateMe Zerg - Winner!

Build Orders: Hatch First 

Get SALT Encoding   

  12  0:00  Drone  
  13  0:12  Overlord  
  13  0:17  Drone  
  14  0:31  Drone x2  
  16  0:47  Hatchery  
  15  0:50  Drone  
  15  0:54  Drone  
  17  0:57  Drone  
  18  1:07  Extractor  
  17  1:12  Spawning Pool  
  17  1:15  Drone  
  17  1:19  Drone  
  18  1:27  Drone  
  19  1:38  Drone  
  20  1:58  Drone  
  20  1:59  Queen x2  
  20  2:00  Overlord  
  20  2:01  Drone  
  26  2:11  Drone x2  
  28  2:21  Drone  
  28  2:22  Drone  
  30  2:32  Drone x2  
  30  2:35  Lair, Queen  
  34  2:43  Drone x2  
  36  2:47  Evolution Chamber  
  35  2:53  Drone  
  35  2:58  Roach Warren  
  35  2:59  Drone  
  35  3:04  Overlord  
  36  3:07  Overlord  
  36  3:22  Drone x6  
  42  3:31  Drone  
  43  3:35  Drone, Extractor x2  
  43  3:37  Glial Reconstitution  
  42  3:41  Overlord  
  42  3:42  Roach  
  42  3:47  Roach  
  42  3:48  Drone x4  
  50  3:55  Roach  
  50  3:56  Evolution Chamber x2  
  48  4:06  Roach  
  48  4:07  Queen  
  50  4:10  Roach  
  50  4:14  Zerg Missile Weapons Level 1  
  50  4:17  Roach x2  
  58  4:26  Drone x2  
  58  4:29  Overlord  
  58  4:30  Hatchery  
  59  4:37  Overlord  
  59  4:38  Overlord  
  59  4:55  Spire, Extractor  
  57  5:00  Drone x6  
  57  5:05  Queen  
  65  5:09  Overseer  
  65  5:10  Overlord  
  65  5:13  Drone  
  66  5:20  Drone x6  
  72  5:31  Overseer  
  72  5:33  Roach x2  
  76  5:41  Overseer  
  76  5:49  Overlord x2  
  76  5:52  Roach x6  
  76  5:54  Overseer  
  88  5:58  Overlord x2  
  88  6:05  Roach x5  
  88  6:10  Mutalisk  
  100  6:16  Mutalisk x2  
  104  6:19  Mutalisk  
  104  6:20  Mutalisk  
  108  6:27  Drone x9  
  108  6:30  Extractor  
  108  6:31  Extractor  
  115  6:34  Drone x2  
  117  6:43  Overlord  
  117  6:45  Hatchery, Zerg Missile Weapons Level 2  
  116  6:47  Drone x2  
  116  6:53  Drone x2  
  120  7:07  Overlord x2  
  120  7:08  Roach  
  120  7:09  Roach x3  
  128  7:18  Overlord  
  128  7:19  Overlord  
  128  7:23  Roach  
  128  7:24  Overlord x2  
  128  7:27  Roach x2  
  134  7:31  Pneumatized Carapace  
  134  7:32  Overlord x2  
  134  7:38  Roach x5  
  134  7:41  Ravager x4  
  158  7:44  Roach x5  
  158  7:47  Overlord  
  158  7:48  Overseer, Overlord  
  158  7:50  Ravager  
  158  7:51  Ravager  
  160  8:03  Roach x7  
  190  8:12  Roach  
  190  8:13  Roach x7  
  190  8:23  Roach  
  190  8:24  Roach x4  
  196  8:30  Ravager x3  
  196  8:31  Ravager  
  198  8:37  Hydralisk Den  
  197  8:42  Ravager  
  198  8:49  Spine Crawler  
  198  8:50  Spine Crawler x2  
  198  8:55  Drone x10  
  199  9:02  Roach x3  
  199  9:07  Roach  
  199  9:08  Roach x3  
  199  9:13  Lurker Den  
  177  9:24  Roach x3  
  177  9:25  Roach x6  
  177  9:27  Roach x4  
  177  9:29  Roach  
  174  9:33  Roach x2  
  174  9:36  Roach x2  
  168  9:39  Roach  
Tags
 
Add a new tag
Caveats
  • Supply blocks, unpowered buildings, or Contaminate may cause inaccurate times.
  • Supply counts are checked every 10 seconds.